 Dungeon Crawl Stone Soup version 0.27.0-1-g7a089689b8 (webtiles) character file.

Game seed: 7168462665049013093

184 ZenoRockbell the Chopper (level 5, -1/47 HPs)
             Began as a Hill Orc Monk on Aug 7, 2021.
             Was a Priest of Cheibriados.
             Slain by Grinder (5 damage)
             ... on level 3 of the Dungeon.
             The game lasted 00:13:03 (1879 turns).

ZenoRockbell the Chopper (Hill Orc Monk)            Turns: 1879, Time: 00:13:04

Health: -1/47      AC:  4    Str: 21    XL:     5   Next: 63%
Magic:  5/5        EV: 13    Int: 16    God:    Cheibriados [***...]
Gold:   97         SH:  0    Dex: 19    Spells: 4/4 levels left

rFire    . . .     SeeInvis +   a - +0 hand axe
rCold    . . .     Faith    .   (no shield)
rNeg     . . .     Spirit   .   d - +0 troll leather armour
rPois    .         Reflect  .   (no helmet)
rElec    .         Harm     .   (no cloak)
rCorr    .         Rampage  .   (no gloves)
Will     .....                  (no boots)
Stlth    ++........             (no amulet)
HPRegen  1.15/turn              j - ring of see invisible
MPRegen  0.09/turn              (no ring)

@: about to teleport, very slow
A: no striking features
a: Renounce Religion, Bend Time, Temporal Distortion


You were on level 3 of the Dungeon.
You worshipped Cheibriados.
Cheibriados was most pleased with you.
You visited 1 branch of the dungeon, and saw 3 of its levels.

You collected 97 gold pieces.

Inventory:

Hand Weapons
 a - a +0 hand axe (weapon)
 h - a +0 vampiric short sword
Armour
 b - a +0 robe
 d - a +0 troll leather armour (worn)
Jewellery
 j - a ring of see invisible (left hand)
Wands
 f - a wand of flame (6) (quivered)
Potions
 c - 2 potions of flight


   Skills:
 * Level 4.5 Fighting
 * Level 5.9 Axes
 * Level 2.1 Armour
 * Level 3.2 Dodging
 - Level 1.5 Stealth
 + Level 0.1 Evocations


You had 4 spell levels left.
You didn't know any spells.
Your spell library was empty.

Dungeon Overview and Level Annotations

Branches:
Dungeon (3/15)

Altars:
Cheibriados

Annotations:
D:3 Grinder


Message History

You closely miss the bat. The bat hits you but does no damage.
The bat closely misses you.
You miss the bat. The bat closely misses you.
Aiming: Throw Flame
Press: ? - help, Shift-Dir - straight line, f - Grinder
Aim: Grinder (64% to hit)
The puff of flame misses the bat.
The puff of flame hits Grinder.
Grinder is lightly wounded.
The bat barely misses you.
Grinder blinks!
The bat hits you but does no damage. x2
The bat hits you but does no damage. The bat completely misses you.
You barely miss the bat. The bat closely misses you.
Grinder blinks!
The bat closely misses you.
You barely miss the bat. The bat misses you. The bat hits you.
The bat misses you.
Grinder grins, showing sharp teeth.
The bat closely misses you.
You miss the bat. The bat misses you. The bat hits you but does no damage.
Grinder gestures at you.
You suddenly lose the ability to move!
Grinder hits you.
You writhe in agony.
The bat hits you but does no damage. Grinder hits you but does no damage.
The bat hits you but does no damage. Grinder gestures at you.
Pain shoots through your body! The bat hits you. Grinder hits you.
The bat hits you. Grinder hits you. The bat hits you but does no damage.
Grinder hits you!
* * * LOW HITPOINT WARNING * * *
You writhe in agony.
* * * LOW HITPOINT WARNING * * *
The bat barely misses you.
You can move again.
As you read the scroll labelled FOG QIPNIDUF, it crumbles to dust.
You feel strangely unstable.
It was a scroll of teleportation.
The bat barely misses you. Grinder hits you.
* * * LOW HITPOINT WARNING * * *
You writhe in agony.
You die...

#..# #..##
#### ... ...#
...5.. #..#
#.##.# #.(#
#.##.# #..#
#.##.####.!#
#.#....5@b.#
#.#..####.##
####.#b.####.#
#..÷.........#
#.##.........#
#.####..####..
######.# #..#
### .......#
#÷.# ########
#..#


You could see Grinder and a bat.

Vanquished Creatures
  The ghost of avis the Insei, an amateur OpTm (D:3)
  A worm (D:2)
  A dart slug (D:1)
  2 endoplasms
  2 giant cockroaches
  4 goblins
  4 hobgoblins
  8 jackals (D:1)
  3 quokkas (D:1)
  8 ball pythons
  7 bats
  4 frilled lizards (D:1)
  4 kobolds
  8 rats
57 creatures vanquished.

Vanquished Creatures (others)
  5 fungi (D:1)
  4 plants (D:1)
9 creatures vanquished.

Grand Total: 66 creatures vanquished

Notes
Turn   | Place    | Note
-------+----------+-------------------------------------------
     0 | D:1      | ZenoRockbell the Hill Orc Monk began the quest for the Orb.
     0 | D:1      | Reached XP level 1. HP: 19/19 MP: 1/1
   181 | D:1      | Reached XP level 2. HP: 27/27 MP: 2/2
   281 | D:1      | You fall into a shaft and drop 1 floor!
   525 | D:2      | Reached XP level 3. HP: 33/33 MP: 3/3
   958 | D:1      | Reached skill level 1 in Armour
  1124 | D:1      | Reached skill level 5 in Axes
  1131 | D:1      | Found a faded altar of an unknown god.
  1151 | D:1      | Became a worshipper of Cheibriados the Contemplative
  1151 | D:1      | Reached * piety under Cheibriados
  1151 | D:1      | Reached ** piety under Cheibriados
  1404 | D:1      | Reached XP level 4. HP: 40/40 MP: 4/4
  1664 | D:3      | Reached *** piety under Cheibriados
  1712 | D:3      | Found a large runed translucent door.
  1713 | D:3      | Found a large runed translucent door.
  1716 | D:3      | Noticed avis's ghost (amateur OpTm)
  1747 | D:3      | Killed avis's ghost
  1748 | D:3      | Reached XP level 5. HP: 6/47 MP: 5/5
  1857 | D:3      | Noticed Grinder
  1873 | D:3      | Paralysed by Grinder for 6 turns
  1879 | D:3      | Slain by Grinder

Illustrated notes

Levels and vault maps discovered:
D:1:      lightli_iron_boxes, layout_loops_corners,
          shapermc_ecumenical_altar_hornbeckon, minmay_cupped
D:2:      layout_basic, minmay_tree_intersection
D:3:      layout_loops_ring, ebering_ghost_disaster_area, minmay_quadrilaterals,
          uniq_robin, uniq_ijyb, uniq_grinder

Skill      XL: |  1  2  3  4 |
---------------+-------------+-----
Fighting       | 4 |  4.5
Armour         | 1 2 |  2.1
Axes           | 5 |  5.9
Dodging        | 3 |  3.2
Stealth        | |  1.5
Evocations     | |  0.1

Action                   |  1- 3 |  4- 6 || total
-------------------------+-------+-------++-------
Melee: Hand axe          |   163 |    38 ||   201
Evoke: Wand              |       |     6 ||     6
  Use: Scroll            |     2 |     1 ||     3
       Potion            |       |     3 ||     3
 Stab: Sleeping          |     1 |     1 ||     2
Armor: Troll leather arm |    80 |    30 ||   110
       Skin              |       |     6 ||     6
Dodge: Dodged            |   135 |    55 ||   190
